 Dungeon Crawl Stone Soup version 0.18.1-47-g9310371 (webtiles) character file.

67 GordonOverkill the Caller (level 4, -5/21 HPs)
             Began as a Vine Stalker Summoner on June 21, 2016.
             Slain by an ogre
             ... wielding a cursed -3 giant club
              (9 damage)
             ... on level 3 of the Dungeon.
             The game lasted 00:12:08 (1512 turns).

GordonOverkill the Caller (Vine Stalker Summoner)   Turns: 1512, Time: 00:12:09

Health: -5/21      AC:  2    Str: 10    XL:     4   Next: 18%
Magic:  0/8        EV: 12    Int: 16    God:
Gold:   142        SH:  0    Dex: 15    Spells: 2 memorised, 3 levels left

rFire  . . .     SeeInvis .     e - +0 short sword
rCold  . . .     Gourm    .     a - +0 robe
rNeg   . . .     Faith    .     (no shield)
rPois  .         Spirit   +     (no helmet)
rElec  .         Dismiss  .     (no cloak)
rCorr  .         Reflect  .     (no gloves)
SustAt .         Harm     .     (no boots)
MR     .....                    (no amulet)
Stlth  ++........               (no ring)
                                (no ring)

@: not resistant to hostile enchantments, unstealthy
A: fangs 2, regeneration 1, magic shield, antimagic bite, no device heal 3, rot
immunity
a: no special abilities


You were on level 3 of the Dungeon.
You were not hungry.

You visited 1 branch of the dungeon, and saw 3 of its levels.

You collected 142 gold pieces.

Inventory:

Hand Weapons
 e - a +0 short sword (weapon)
 o - a +1 whip of freezing
Armour
 a - a +0 robe (worn)
Scrolls
 f - a scroll of teleportation {unknown}
 h - a scroll of immolation {unknown}
 i - 2 scrolls of identify {unknown}
 n - a scroll of random uselessness {unknown}
 q - a scroll of blinking {unknown}
Potions
 j - a potion of lignification {unknown}
 k - a potion of brilliance {unknown}
 l - a potion of mutation {unknown}
 p - a potion of resistance {unknown}
 r - a potion of curing {unknown}
Books
 b - a book of Callings

   Spells                             Type                      Level
   a - Summon Small Mammal            Summoning                    1
   b - Call Imp                       Summoning                    2
   c - Call Canine Familiar           Summoning                    3
   d - Summon Guardian Golem          Hexes/Summoning              3
   e - Summon Lightning Spire         Summoning/Air                4
   f - Summon Ice Beast               Ice/Summoning                4
Comestibles
 c - a bread ration
 d - a chunk of flesh
 g - a beef jerky
 m - a meat ration


   Skills:
 - Level 1.5 Dodging
 - Level 2.4 Stealth
 - Level 2.1 Spellcasting
 + Level 5.6 Summonings


You had 3 spell levels left.
You knew the following spells:

 Your Spells              Type           Power        Failure   Level  Hunger
a - Summon Small Mammal   Summ           ###.         1%          1    #......
b - Call Canine Familiar  Summ           ###.....     8%          3    ###....


Dungeon Overview and Level Annotations

Branches:
Dungeon (3/15)

Altars:
Makhleb

Annotations:
D:3 Sigmund


Innate Abilities, Weirdness & Mutations

You have extremely sharp teeth.
Your natural rate of healing is unusually fast.
When hurt, damage is shared between your health and your magic reserves.
Your bite disrupts and absorbs the magic of your enemies.
Potions and wands cannot restore your health.
You are immune to rotting.


Message History

There is a stone staircase leading up here.
Casting: Summon Small Mammal
Confirm with . or Enter, or press ? or * to list all spells.
The ogre shouts!
A rat comes into view.
You barely miss the ogre.
Your hound bites the ogre.
The ogre hits you with a giant club!!
Ouch! That really hurt!
* * * LOW HITPOINT WARNING * * *
Your hound bites the ogre.
Unknown command.
You barely miss the ogre. Your bite misses the ogre.
The ogre is heavily wounded.
Your hound barely misses the ogre.
The ogre barely misses you.
Unknown command.
You hit the ogre.
The ogre is heavily wounded.
Your hound bites the ogre but does no damage.
The ogre hits you with a giant club!
You die...

#........
#........
#........
#....r...
#........
#........
#.h......
#@O......
#........
#########


You could see an ogre, a rat and a friendly hound.

Vanquished Creatures
  An adder (D:2)
  An ooze (D:1)
  A worm (D:2)
  A dart slug (D:1)
  2 giant geckos
  9 bats
  3 goblins (D:1)
  2 hobgoblins (D:1)
  A jackal (D:1)
  5 kobolds
  A ball python (D:2)
  3 giant newts (D:2)
  5 rats
35 creatures vanquished.

Vanquished Creatures (collateral kills)
  An adder (D:2)
  A goblin (D:1)
  A hobgoblin (D:2)
  A jackal (D:1)
  2 bats (D:1)
  3 giant newts (D:1)
  2 rats
11 creatures vanquished.

Grand Total: 46 creatures vanquished

Notes
Turn   | Place    | Note
--------------------------------------------------------------
     0 | D:1      | GordonOverkill the Vine Stalker Summoner began the quest for the Orb.
     0 | D:1      | Reached XP level 1. HP: 9/9 MP: 4/4
    72 | D:1      | Reached XP level 2. HP: 9/13 MP: 6/6
   297 | D:1      | Reached XP level 3. HP: 16/16 MP: 7/7
   357 | D:1      | Reached skill level 5 in Summonings
   362 | D:1      | Learned a level 3 spell: Call Canine Familiar
   862 | D:2      | Found a burning altar of Makhleb.
  1140 | D:2      | Reached XP level 4. HP: 21/21 MP: 5/8
  1261 | D:3      | Noticed Sigmund
  1507 | D:3      | Noticed an ogre
  1512 | D:3      | Slain by an ogre

Skill      XL: |  1  2  3 |
---------------+----------+-----
Summonings     | 5 |  5.6
Dodging        | |  1.5
Stealth        | |  2.4
Spellcasting   | |  2.1

Action                   |  1- 3 |  4- 6 || total
-------------------------+-------+-------++-------
Melee: Unarmed           |    21 |       ||    21
       Bite              |    22 |     5 ||    27
       Short sword       |    91 |    27 ||   118
 Cast: Summon Small Mamm |    20 |     3 ||    23
       Call Canine Famil |     1 |     4 ||     5
 Stab: Sleeping          |     4 |       ||     4
       Distracted        |     1 |       ||     1
  Eat: Chunk             |     1 |     2 ||     3
Armor: Robe              |    37 |     4 ||    41
Dodge: Dodged            |    98 |    23 ||   121
